 Seeded DCSS version 0.29-a0-241-g20d21d4 (webtiles) character file.

Game seed: 1618052944259872971 (custom seed)

1220 lyrin the Agent of Entropy (level 8, 0/63 HPs)
             Began as a Formicid Abyssal Knight on Mar 4, 2022.
             Was a Priest of Lugonu.
             Slain by an orc warrior
             ... wielding a +0 mace
              (9 damage)
             ... on level 4 of the Dungeon.
             The game lasted 00:11:02 (8368 turns).

lyrin the Agent of Entropy (FoAK)                   Turns: 8368, Time: 00:11:02

Health: 0/63       AC:  6    Str: 18    XL:     8   Next: 75%
Magic:  12/12      EV: 12    Int: 12    God:    Lugonu [***...]
Gold:   251        SH:  0    Dex: 11    Spells: 7/7 levels left

rFire   + . .      SeeInvis +   c - +0 short sword (venom)
rCold   x . .      Faith    .   (no shield)
rNeg    + . .      Spirit   .   t - +3 leather armour "Dityimm" {SInv}
rPois   .          Reflect  .   (helmet unavailable)
rElec   .          Harm     .   (no cloak)
rCorr   .          Rampage  .   (no gloves)
Will    .....                   (no boots)
Stlth   +.........              (no amulet)
HPRegen 0.20/turn               b - ring of fire
MPRegen 0.13/turn               h - ring of positive energy

@: no status effects
A: permanent stasis, dig shafts and tunnels, antennae 3, four strong arms
a: Dig, Shaft Self, Renounce Religion, Depart the Abyss, Bend Space, Banish


You were on level 4 of the Dungeon.
You worshipped Lugonu.
Lugonu was most pleased with you.
You visited 1 branch of the dungeon, and saw 6 of its levels.
You visited the Abyss 1 time.

You collected 275 gold pieces.
You spent 24 gold pieces at shops.

Inventory:

Hand Weapons
 a - a +1 falchion
 c - a +0 short sword of venom (weapon)
 y - a +3 rapier
Missiles
 q - 14 poisoned darts
 D - 4 curare-tipped darts
Armour
 t - the +3 leather armour "Dityimm" (worn) {SInv}
   (You found it on level 3 of the Dungeon)

   SInv:      It lets you see invisible.
 u - a +0 pair of boots
Jewellery
 b - a ring of fire (left hand)
 h - a ring of positive energy (right hand)
 o - a ring of resist corrosion
 s - a ring of flight
 x - a +4 ring of evasion
Wands
 j - a wand of polymorph (3)
 l - a wand of flame (14)
 B - a wand of iceblast (13)
Scrolls
 e - a scroll of magic mapping {unknown}
 f - a scroll of noise {unknown}
 g - 4 scrolls of identify {unknown}
 m - 2 scrolls of fog {unknown}
 p - a scroll of enchant weapon {unknown}
 r - a scroll of teleportation {unknown}
 w - a scroll of amnesia {unknown}
 A - 2 scrolls of blinking {unknown}
 C - a scroll of vulnerability {unknown}
Potions
 d - 3 potions of brilliance {unknown}
 i - 3 potions of flight {unknown}
 k - 2 potions of curing {unknown}
 n - a potion of mutation {unknown}
 v - a potion of attraction {unknown}
 z - a potion of degeneration {unknown}


   Skills:
 + Level 5.4 Fighting
 + Level 5.6(5.8) Short Blades
 + Level 2.0(4.1) Long Blades
 + Level 4.8 Armour
 + Level 3.1 Dodging
 * Level 5.6 Invocations


You had 7 spell levels left.
You didn't know any spells.
Your spell library contained the following spells:

 Spells                   Type           Power      Damage    Failure   Level
 Slow                     Hex            0%         N/A       36%         1
 Confusing Touch          Hex            0%         N/A       75%         3
 Ignite Poison            Fire/Tmut/Pois 0%         N/A       75%         3
 Mephitic Cloud           Conj/Pois/Air  0%         N/A       75%         3
 Vampiric Draining        Necr           0%         2d6       75%         3
 Freezing Cloud           Conj/Ice/Air   0%         6-21      100%        5


Dungeon Overview and Level Annotations

Branches:
Dungeon (6/15)
 Temple: D:4-7

Altars:

Shops:
D:2 (   D:3 ?   D:5 (


Innate Abilities, Weirdness & Mutations

You cannot be hasted, slowed, berserked, paralysed or teleported.
You can dig through walls and to a lower floor.
You have a pair of large antennae on your head. (SInv)
Your four strong arms can wield two-handed weapons with a shield.


Message History

The ogre is heavily wounded.
The ogre completely misses you.
Your +0 short sword of venom begins to drip with poison!
c - a +0 short sword of venom (weapon)
You hit the ogre.
The ogre is poisoned.
The ogre is severely wounded.
The ogre closely misses you.
You hit the ogre.
The ogre looks as sick as possible!
The ogre is almost dead.
You kill the ogre!
Lugonu accepts your kill.
Unknown command.
Remembered map restored.
There is a stone staircase leading down here.
You climb downwards.
The orc barely misses you. The orc warrior barely misses you.
The orc hits you but does no damage.
There is a stone staircase leading up here.
The orc warrior hits you with a +0 mace.
The orc hits you but does no damage.
You climb upwards.
There is a stone staircase leading down here.
You hit the orc.
The orc is poisoned.
The orc is moderately wounded.
The orc warrior hits you with a +0 mace!
The orc hits you but does no damage.
You barely miss the orc.
The orc is moderately wounded.
The orc warrior hits you with a +0 mace!
* * * LOW HITPOINT WARNING * * *
You closely miss the orc.
The orc is heavily wounded.
The orc barely misses you.
The orc warrior hits you with a +0 mace!
* * * LOW HITPOINT WARNING * * *
You barely miss the orc.
The orc is almost dead.
You kill the orc!
Lugonu accepts your kill.
The orc warrior hits you with a +0 mace!
You die...

###...######## #.#####.....# #.
#...# #.#...####### #.
#...####### #.#...### #.
#........<# #.......# ##
###...#####.# #.......########
.......####.## #.......#).....#
.............###.......#.####.#
.####....##...##)#...#.#.####.###
....#.)..##.♣.##@##.##.#.##......
#.........♣...♣#o##...........###
..###....#..♣###.#####.#.##.#.#
.........#.#.###.#####.#......#
...............#.......########
#.##.##..#####.#########
#.##.##.## #.# #.......# #.#
##.....## #.#


You could see an orc warrior.

Vanquished Creatures
  Sigmund (D:3)
  A water moccasin (D:5)
  3 ogres
  A centaur (D:5)
  A scorpion (D:4)
  2 hounds (D:5)
  2 orc priests (D:5)
  2 iguanas (D:5)
  4 orc wizards
  Natasha (thrice) (D:4)
  10 adders
  A shadow imp (D:5)
  An ufetubus (D:5)
  2 worms
  3 dart slugs
  12 orcs
  6 ball pythons
  8 endoplasms
  9 giant cockroaches
  6 goblins
  8 hobgoblins
  4 jackals (D:1)
  6 kobolds
  2 quokkas
  5 bats
  3 frilled lizards
  7 rats
113 creatures vanquished.

Notes
Turn   | Place    | Note
-------+----------+-------------------------------------------
     0 | Abyss:1  | lyrin the Formicid Abyssal Knight began the quest for the
                  | Orb.
     0 | Abyss:1  | Reached XP level 1. HP: 18/18 MP: 2/2
    89 | D:1      | Escaped the Abyss
   258 | D:1      | Found a faded altar of an unknown god.
   281 | D:1      | Reached XP level 2. HP: 15/24 MP: 3/3
   829 | D:1      | Reached XP level 3. HP: 30/30 MP: 4/4
  1083 | D:1      | Reached skill level 1 in Short Blades
  1293 | D:1      | Reached skill level 1 in Dodging
  1391 | D:1      | Reached ** piety under Lugonu
  1947 | D:2      | Reached XP level 4. HP: 24/37 MP: 6/6
  2096 | D:2      | Found Baizyett's Antique Weapon Boutique.
  3190 | D:3      | Noticed Sigmund
  3332 | D:3      | Reached XP level 5. HP: 42/42 MP: 7/7
  3583 | D:3      | Identified the +3 leather armour "Dityimm" {SInv}
  3650 | D:3      | Found Acrysch's Magic Scroll Shop.
  3885 | D:3      | Reached *** piety under Lugonu
  4053 | D:3      | Killed Sigmund
  4054 | D:3      | Reached XP level 6. HP: 4/49 MP: 8/8
  4732 | D:4      | Reached XP level 7. HP: 45/55 MP: 8/10
  5240 | D:4      | Noticed Natasha
  5244 | D:4      | Killed Natasha
  5335 | D:4      | Noticed Natasha
  5351 | D:4      | Killed Natasha
  5364 | D:4      | Noticed Natasha
  5375 | D:4      | Killed Natasha
  5495 | D:4      | Found Icil's Assorted Antiques.
  5836 | D:5      | Entered Level 5 of the Dungeon
  6046 | D:5      | Reached XP level 8. HP: 48/61 MP: 11/11
  6163 | D:5      | Reached skill level 5 in Fighting
  6163 | D:5      | Reached skill level 5 in Invocations
  6737 | D:5      | Reached skill level 5 in Short Blades
  7575 | D:5      | Found Jeyt's Firing Range.
  7581 | D:5      | Bought 4 curare-tipped darts for 24 gold pieces
  8368 | D:4      | Slain by an orc warrior

Illustrated notes

Levels and vault maps discovered:
D:1:      sevenhm_arrival_forest_fort_small_4, layout_basic,
          chequers_ecumenical_altar_island
D:2:      layout_basic, serial_shops, nicolae_shop_window_shopping,
          nicolae_underground_beach
D:3:      layout_basic, serial_shops, nicolae_shop_waterfront, chequers_garden,
          uniq_sigmund
D:4:      layout_loops_cross, serial_shops, nicolae_shop_trees, uniq_natasha
D:5:      layout_gridville, nicolae_shop_firing_range
D:6:      layout_rooms, uniq_edmund

Skill      XL: |  1  2  3  4  5  6  7  8 |
---------------+-------------------------+-----
Short Blades   | 1 2 3 4 5 |  5.6
Dodging        | 1 2 3 |  3.1
Fighting       | 4 5 |  5.4
Invocations    | 3 4 5 |  5.6
Armour         | 3 4 |  4.8
Long Blades    | |  2.0

Action                   |  1- 3 |  4- 6 |  7- 9 || total
-------------------------+-------+-------+-------++-------
Melee: Short sword       |   107 |   108 |    89 ||   304
       Punch             |     2 |     1 |     4 ||     7
       Rapier            |       |       |   114 ||   114
 Stab: Sleeping          |       |     1 |     1 ||     2
Armor: Leather armour    |    25 |    23 |    66 ||   114
       Ring mail         |       |    10 |       ||    10
Dodge: Dodged            |    62 |    73 |   117 ||   252

Table legend: (Time is in decaauts)
 A = Elapsed time spent in this place.
 B = Non-inter-level travel time spent in this place.
 C = Inter-level travel time spent in this place.
 D = Time resting spent in this place.
 E = Time spent auto-exploring this place.
 F = Levels seen in this place.
 G = Mean time per level.
                   A        B        C        D        E       F      G
               +--------+--------+--------+--------+--------+-----+--------+
         Total |   8363 |   8027 |    336 |   1402 |   5147 |   7 | 1194.7 |
       Dungeon |   8274 |   7938 |    336 |   1402 |   5062 |   6 | 1379.0 |
         Abyss |     89 |     89 |      0 |      0 |     85 |   1 |   89.0 |
               +--------+--------+--------+--------+--------+-----+--------+

Top non-repeatable levels by time:
     D:5: 2165 daAuts
     D:3: 1712 daAuts
     D:1: 1582 daAuts
     D:2: 1539 daAuts
     D:4: 1264 daAuts
 Abyss:1: 89 daAuts
     D:6: 10 daAuts
